[ PARTIDA AOE2 · #506679108 ]
UnrankedEslavos vs Cumans
Equipo del jugador · DERR
Equipo rival · VICT
[ ANÁLISIS DE REPETICIÓN · EXTRAÍDO DE LA PARTIDA GRABADA ]
Feudal
8:50
Castillos
—
Imperial
—
| APM promedio | 45.6 |
| APM pico | 79 |
| eAPM promedio | 16.0 |
| Aldeanos / militares | 38 / 0 |
Foco
⚔️ 21.0% · 🌾 79.0%
Feudal
9:54
Castillos
—
Imperial
—
| APM promedio | 83.9 |
| APM pico | 120 |
| eAPM promedio | 24.5 |
| Aldeanos / militares | 32 / 6 |
Foco
⚔️ 32.7% · 🌾 67.3%
Scout Cavalry ×5 · Spearman ×1
Mapa de la partida
Recursos iniciales + cada clic de construcción. Líneas = muros · curvas = relieve. ◆ oro · ⬟ piedra · ● bayas · ✦ reliquia · ◌ hueco del cierre
Tu base· Abierta — flanco sin cerrar
Base de Hackali· Abierta — flanco sin cerrar
Terreno inicial suavizado · ◌ = hueco del cierre detectado · pasá el cursor para detalles
Inputs por minuto
— Riut - - Hackali
Build order — Riut
84 acciones detectadas en el replay
| 0:00 | Encolar | Villager (Male) |
| 0:00 | Encolar | Villager (Male) |
| 0:01 | Encolar | Villager (Male) |
| 0:01 | Encolar | Villager (Male) |
| 0:01 | Encolar | Villager (Male) |
| 0:02 | Construir | House |
| 0:04 | Construir | House |
| 1:25 | Encolar | Villager (Male) |
| 1:26 | Encolar | Villager (Male) |
| 1:38 | Construir | Mill |
| 2:02 | Encolar | Villager (Male) |
| 2:02 | Encolar | Villager (Male) |
| 2:23 | Encolar | Villager (Male) |
| 2:55 | Encolar | Villager (Male) |
| 2:56 | Encolar | Villager (Male) |
| 2:56 | Encolar | Villager (Male) |
| 3:14 | Encolar | Villager (Male) |
| 3:14 | Encolar | Villager (Male) |
| 3:14 | Encolar | Villager (Male) |
| 3:26 | Construir | House |
| 3:54 | Encolar | Villager (Male) |
| 3:54 | Encolar | Villager (Male) |
| 3:54 | Encolar | Villager (Male) |
| 3:55 | Encolar | Villager (Male) |
| 4:25 | Encolar | Villager (Male) |
| 4:54 | Encolar | Villager (Male) |
| 4:54 | Encolar | Villager (Male) |
| 4:59 | Investigar | Loom |
| 5:54 | Construir | Lumber Camp |
| 6:32 | Investigar | Feudal Age |
| 7:12 | Construir | Palisade Wall |
| 7:15 | Construir | Palisade Wall |
| 7:28 | Construir | House |
| 7:30 | Construir | Palisade Wall |
| 7:40 | Encolar | Villager (Male) |
| 7:40 | Encolar | Villager (Male) |
| 8:36 | Construir | Mill |
| 8:50 | Edad | Edad Feudal |
| 8:52 | Investigar | Double-Bit Axe |
| 8:53 | Investigar | Horse Collar |
| 9:32 | Construir | Farm |
| 9:33 | Construir | Farm |
| 9:34 | Encolar | Villager (Male) |
| 9:34 | Encolar | Villager (Male) |
| 9:34 | Encolar | Villager (Male) |
| 9:34 | Encolar | Villager (Male) |
| 10:08 | Construir | Farm |
| 10:13 | Construir | Palisade Wall |
| 10:24 | Construir | House |
| 10:25 | Construir | House |
| 10:31 | Construir | Mining Camp |
| 10:55 | Encolar | Villager (Male) |
| 10:56 | Encolar | Villager (Male) |
| 10:57 | Construir | Farm |
| 11:19 | Construir | House |
| 11:25 | Construir | Farm |
| 11:31 | Construir | Farm |
| 11:35 | Encolar | Villager (Male) |
| 11:37 | Encolar | Villager (Male) |
| 11:37 | Encolar | Villager (Male) |
| 11:38 | Encolar | Villager (Male) |
| 12:01 | Construir | Farm |
| 12:04 | Construir | Farm |
| 12:14 | Construir | Farm |
| 12:38 | Construir | Farm |
| 12:45 | Construir | Farm |
| 12:48 | Encolar | Villager (Male) |
| 13:06 | Construir | Palisade Wall |
| 13:09 | Construir | Palisade Wall |
| 13:10 | Construir | Palisade Wall |
| 13:11 | Construir | Palisade Wall |
| 13:12 | Construir | Palisade Wall |
| 13:26 | Construir | Palisade Wall |
| 13:28 | Construir | Palisade Wall |
| 13:31 | Construir | Farm |
| 13:31 | Encolar | Villager (Male) |
| 13:56 | Construir | Palisade Wall |
| 13:58 | Construir | House |
| 14:00 | Construir | Palisade Wall |
| 14:04 | Encolar | Villager (Male) |
| 14:05 | Construir | Palisade Wall |
| 14:07 | Construir | Gate |
| 14:08 | Construir | Palisade Wall |
| 14:11 | Construir | House |
Build order — Hackali
81 acciones detectadas en el replay
| 0:01 | Encolar | Villager (Male) |
| 0:02 | Construir | House |
| 0:04 | Construir | House |
| 0:06 | Encolar | Villager (Male) |
| 0:07 | Encolar | Villager (Male) |
| 0:07 | Encolar | Villager (Male) |
| 0:07 | Encolar | Villager (Male) |
| 1:31 | Encolar | Villager (Male) |
| 1:41 | Encolar | Villager (Male) |
| 1:41 | Encolar | Villager (Male) |
| 2:13 | Encolar | Villager (Male) |
| 2:18 | Construir | Lumber Camp |
| 2:51 | Encolar | Villager (Male) |
| 2:52 | Encolar | Villager (Male) |
| 2:59 | Construir | House |
| 3:17 | Encolar | Villager (Male) |
| 3:37 | Encolar | Villager (Male) |
| 3:52 | Construir | House |
| 4:07 | Encolar | Villager (Male) |
| 4:08 | Encolar | Villager (Male) |
| 4:15 | Construir | House |
| 4:44 | Encolar | Villager (Male) |
| 5:16 | Encolar | Villager (Male) |
| 5:19 | Encolar | Villager (Male) |
| 5:24 | Construir | Mill |
| 5:47 | Encolar | Villager (Male) |
| 5:48 | Encolar | Villager (Male) |
| 5:49 | Encolar | Villager (Male) |
| 6:23 | Encolar | Villager (Male) |
| 6:47 | Construir | House |
| 7:11 | Construir | House |
| 7:17 | Investigar | Loom |
| 7:39 | Encolar | Villager (Male) |
| 7:44 | Investigar | Feudal Age |
| 7:46 | Investigar | Loom |
| 8:12 | Construir | Mill |
| 8:42 | Construir | Barracks |
| 9:35 | Construir | House |
| 9:36 | Construir | Palisade Wall |
| 9:38 | Construir | Palisade Wall |
| 9:54 | Edad | Edad Feudal |
| 9:58 | Construir | Stable |
| 10:09 | Investigar | Double-Bit Axe |
| 10:09 | Encolar | Villager (Male) |
| 10:15 | Encolar | Spearman |
| 10:20 | Encolar | Villager (Male) |
| 10:29 | Construir | Farm |
| 10:30 | Construir | Farm |
| 10:35 | Construir | Farm |
| 10:37 | Construir | Farm |
| 10:53 | Encolar | Scout Cavalry |
| 10:54 | Encolar | Scout Cavalry |
| 10:54 | Encolar | Scout Cavalry |
| 10:58 | Construir | Farm |
| 10:59 | Construir | Farm |
| 11:14 | Construir | House |
| 11:17 | Encolar | Villager (Male) |
| 11:18 | Construir | Farm |
| 11:28 | Construir | Palisade Wall |
| 11:32 | Construir | Palisade Wall |
| 11:33 | Construir | Palisade Wall |
| 11:36 | Construir | Palisade Wall |
| 11:51 | Construir | Farm |
| 11:51 | Encolar | Villager (Male) |
| 12:05 | Encolar | Villager (Male) |
| 12:06 | Construir | Farm |
| 12:38 | Encolar | Villager (Male) |
| 12:39 | Construir | Farm |
| 12:41 | Construir | Farm |
| 12:45 | Encolar | Villager (Male) |
| 12:46 | Construir | Farm |
| 12:57 | Construir | Farm |
| 13:21 | Encolar | Villager (Male) |
| 13:29 | Construir | House |
| 13:30 | Encolar | Villager (Male) |
| 13:32 | Construir | Farm |
| 13:54 | Encolar | Scout Cavalry |
| 13:54 | Encolar | Scout Cavalry |
| 13:57 | Construir | Farm |
| 13:57 | Construir | Farm |
| 14:06 | Construir | Farm |
Cronología de la partida
| 7:12 | Riut · wall_segment Palisade Wall x1 |
| 7:15 | Riut · wall_segment Palisade Wall x8 |
| 7:30 | Riut · wall_segment Palisade Wall x17 |
| 8:42 | Hackali · first_building Barracks |
| 8:50 | Riut · age_up feudal |
| 9:36 | Hackali · wall_segment Palisade Wall x4 |
| 9:38 | Hackali · wall_segment Palisade Wall x12 |
| 9:54 | Hackali · age_up feudal |
| 9:58 | Hackali · first_building Stable |
| 10:13 | Riut · wall_segment Palisade Wall x5 |
| 11:28 | Hackali · wall_segment Palisade Wall x16 |
| 11:32 | Hackali · wall_segment Palisade Wall x18 |
| 11:33 | Hackali · wall_segment Palisade Wall x2 |
| 11:36 | Hackali · wall_segment Palisade Wall x7 |
| 13:06 | Riut · wall_segment Palisade Wall x1 |
| 13:09 | Riut · wall_segment Palisade Wall x1 |
| 13:10 | Riut · wall_segment Palisade Wall x1 |
| 13:11 | Riut · wall_segment Palisade Wall x1 |
| 13:12 | Riut · wall_segment Palisade Wall x1 |
| 13:26 | Riut · wall_segment Palisade Wall x1 |
| 13:28 | Riut · wall_segment Palisade Wall x1 |
| 13:56 | Riut · wall_segment Palisade Wall x1 |
| 14:00 | Riut · wall_segment Palisade Wall x2 |
| 14:05 | Riut · wall_segment Palisade Wall x1 |
| 14:08 | Riut · wall_segment Palisade Wall x1 |
| 14:17 | Riut · resign |
[ ANÁLISIS IA · 1 CRÉDITO ]
¿Qué pasó realmente en esta partida?
Wolo.gg analiza cada decisión: build order, eco, micro, errores típicos por bracket. Análisis personalizado por WhatsApp o Discord en 30 segundos.
Guía civ
Eslavos
Perfil
Jugador #1045839